 Dungeon Crawl Stone Soup version 0.30-a0-7-g94fe547ab8 (webtiles) character file.

Game seed: 15788103844605044937

1989 Ijustatesigmund the Cleaver (level 9, -8/82 HPs)
             Began as a Hill Orc Fighter on Aug 23, 2022.
             Was a Follower of Cheibriados.
             Mangled by an orc warrior
             ... wielding a +0 mace
              (15 damage)
             ... on level 6 of the Dungeon.
             The game lasted 00:10:51 (5876 turns).

Ijustatesigmund the Cleaver (Hill Orc Fighter)      Turns: 5876, Time: 00:10:52

Health: -8/82      AC:  8    Str: 21    XL:     9   Next: 21%
Magic:  14/14      EV: 10    Int: 19    God:    Cheibriados [*.....]
Gold:   455        SH:  5    Dex: 12    Spells: 8/8 levels left

rFire   . . .      SeeInvis .    a - +0 war axe
rCold   . . .      Faith    .    c - +1 buckler
rNeg    . . .      Spirit   .    b - +0 scale mail
rPois   .          Reflect  .    w - +0 helmet
rElec   .          Harm     .    (no cloak)
rCorr   +          Rampage  .    (no gloves)
Will    .....                    (no boots)
Stlth   ..........               (no amulet)
HPRegen 0.23/turn                r - ring of resist corrosion
MPRegen 0.14/turn                (no ring)

@: unable to drink, very slow
A: clever 1, screaming 1, inability to drink after injury 1
a: Renounce Religion, Convert to Beogh, Bend Time


You were on level 6 of the Dungeon.
You worshipped Cheibriados.
Cheibriados was aware of your devotion.
You visited 1 branch of the dungeon, and saw 6 of its levels.

You collected 455 gold pieces.

Inventory:

Hand Weapons
 a - a +0 war axe (weapon)
Missiles
 i - 3 atropa-tipped darts (quivered)
Armour
 b - a +0 scale mail (worn)
 c - a +1 buckler (worn)
 w - a +0 helmet (worn)
Jewellery
 p - a ring of ice
 r - a ring of resist corrosion (left hand)
Scrolls
 f - a scroll of blinking
 g - 3 scrolls of enchant armour
 o - a scroll of poison
 v - a scroll of teleportation
 x - a scroll of identify
 y - a scroll of fog {unknown}
 z - a scroll of enchant weapon {unknown}
Potions
 d - 2 potions of might
 e - 3 potions of attraction
 h - a potion of haste
 j - a potion of curing
 k - a potion of brilliance
 l - 2 potions of magic
 m - 3 potions of flight
 n - a potion of degeneration {unknown}
 q - a potion of heal wounds
 t - a potion of resistance {unknown}
 u - a potion of lignification {unknown}


   Skills:
 + Level 8.7 Fighting
 + Level 10.2 Axes
 - Level 3.2 Armour
 - Level 2.0 Dodging
 - Level 3.2 Shields
 + Level 7.0 Invocations


You had 8 spell levels left.
You didn't know any spells.
Your spell library contained the following spells:

 Spells                   Type           Power      Damage    Failure   Level
 Beastly Appendage        Tmut           0%         N/A       58%         1
 Wereblood                Tmut           0%         N/A       73%         2
 Gell's Gravitas          Tloc           0%         N/A       91%         3
 Spider Form              Tmut/Pois      0%         N/A       91%         3
 Teleport Other           Tloc           0%         N/A       91%         3
 Dispersal                Tloc           0%         N/A       100%        6


Dungeon Overview and Level Annotations

Branches:
Dungeon (6/15)             Temple (0/1) D:5

Altars:
Ashenzari
Cheibriados
Hepliaklqana
Nemelex Xobeh
Sif Muna
Trog
Zin

Shops:
D:2 (


Innate Abilities, Weirdness & Mutations

Your mind is acute. (Int +4, Str/Dex -1)
You occasionally shout uncontrollably at your foes.
You occasionally lose the ability to drink potions when taking damage.


Message History

You barely miss the hound. The hound barely misses you.
You hit the hound.
The hound is lightly wounded.
The hound bites you but does no damage. The hound misses you.
You miss the hound.
The hound is lightly wounded.
The hound bites you.
* * * LOW HITPOINT WARNING * * *
You closely miss the hound.
The hound is lightly wounded.
You block the hound's attack. The hound bites you but does no damage.
You completely miss the hound.
The hound is lightly wounded.
The hound bites you.
* * * LOW HITPOINT WARNING * * *
You slash the hound!
The hound is severely wounded.
The hound bites you.
* * * LOW HITPOINT WARNING * * *
The hound barely misses you.
You slash the hound!
You kill the hound!
Cheibriados appreciates the change of pace.
You see here a hound corpse.
An iguana comes into view.
You yell at the iguana!
The iguana hisses angrily.
You hear a shout! x3
You are too injured to fight recklessly!
The iguana bites you.
* * * LOW HITPOINT WARNING * * *
You barely miss the iguana. The iguana barely misses you.
You hit the iguana but do no damage. The iguana misses you.
You slice the iguana!!
You kill the iguana!
Cheibriados appreciates the change of pace.
Your Invocations skill increases to level 7!
The orc priest shouts!
The orc wizard shouts!
The orc warrior hits you with a +0 mace!
You feel threatened and lose the ability to drink potions!
You die...

#........... ....
...##.$....##...
....##......###.# ...
..o.#....#..##.##...
.o.#...#... .... ..
##....##.# ..###.
##........# #:. #.
#..oo....## #.###.
#..@......#####..##.
........................
...........##†.....†...†
.........######.........
.......... ##........
#.........# ....#####..
#.......### #...## #..
##..#..## ##.. #.. ###
...


You could see an orc warrior, an orc priest and 2 orc wizards.

Vanquished Creatures
  Prince Ribbit (D:5)
  Sigmund (D:3)
  A water moccasin (D:6)
  An ice beast (D:5)
  2 black bears
  2 ogres
  Blork the orc (D:5)
  A bullfrog (D:6)
  A gnoll sergeant (D:5)
  5 scorpions
  A howler monkey (D:4)
  5 hounds
  A jelly (D:4)
  Jessica (D:3)
  5 iguanas
  5 gnolls (D:5)
  11 adders
  A shadow imp (D:6)
  A white imp (D:6)
  A worm (D:5)
  9 orcs
  2 endoplasms
  3 giant cockroaches
  3 goblins
  7 hobgoblins
  4 jackals
  7 quokkas
  6 ball pythons
  5 bats
  A frilled lizard (D:1)
  5 kobolds
  5 rats
105 creatures vanquished.

Notes
Turn   | Place    | Note
-------+----------+-------------------------------------------
     0 | D:1      | Ijustatesigmund the Hill Orc Fighter began the quest for
                  | the Orb.
     0 | D:1      | Reached XP level 1. HP: 19/19 MP: 1/1
   158 | D:1      | Reached skill level 3 in Axes
   209 | D:1      | Reached XP level 2. HP: 27/27 MP: 2/2
   920 | D:2      | Found Gakhomie's Antique Weapon Shoppe.
   926 | D:2      | Reached skill level 4 in Axes
   926 | D:2      | Reached XP level 3. HP: 33/33 MP: 3/3
   975 | D:2      | Found a shimmering blue altar of Sif Muna.
  1653 | D:3      | Reached skill level 5 in Axes
  1653 | D:3      | Reached XP level 4. HP: 26/41 MP: 4/4
  1842 | D:3      | Found a bloodstained altar of Trog.
  1842 | D:3      | Noticed Sigmund
  1865 | D:3      | Killed Sigmund
  1866 | D:3      | Reached skill level 5 in Fighting
  1866 | D:3      | Reached skill level 6 in Axes
  1866 | D:3      | Reached XP level 5. HP: 39/48 MP: 5/5
  1866 | D:3      | Reached XP level 6. HP: 46/56 MP: 6/6
  1983 | D:3      | Found a faded altar of an unknown god.
  2005 | D:3      | Reached skill level 7 in Axes
  2034 | D:3      | Found a hazy altar of Hepliaklqana.
  2044 | D:3      | Found a snail-covered altar of Cheibriados.
  2311 | D:3      | Noticed Jessica
  2321 | D:3      | Killed Jessica
  2710 | D:3      | Found a broken altar of Ashenzari.
  2717 | D:3      | Found a glowing silver altar of Zin.
  2726 | D:3      | Found a sparkling altar of Nemelex Xobeh.
  2911 | D:3      | Became a worshipper of Cheibriados the Contemplative
  3015 | D:4      | Reached skill level 1 in Invocations
  3108 | D:4      | Reached XP level 7. HP: 54/62 MP: 6/8
  3199 | D:4      | Reached skill level 1 in Dodging
  3807 | D:5      | Entered Level 5 of the Dungeon
  3877 | D:5      | Reached skill level 8 in Axes
  4127 | D:5      | Reached * piety under Cheibriados
  4333 | D:5      | Reached XP level 8. HP: 64/71 MP: 6/10
  4589 | D:5      | Found a staircase to the Ecumenical Temple.
  4675 | D:5      | Noticed Prince Ribbit
  4700 | D:5      | Killed Prince Ribbit
  4701 | D:5      | Reached skill level 9 in Axes
  4701 | D:5      | Reached skill level 5 in Invocations
  5313 | D:5      | Noticed Blork the orc
  5326 | D:5      | Killed Blork the orc
  5747 | D:6      | Reached XP level 9. HP: 59/81 MP: 13/13
  5787 | D:6      | Gained mutation: You do not regenerate when monsters are
                  | visible. [potion of mutation]
  5787 | D:6      | Gained mutation: Your flesh is heat resistant. (rF+)
                  | [potion of mutation]
  5787 | D:6      | Gained mutation: Your spells are a little harder to cast,
                  | but a little more powerful. [potion of mutation]
  5787 | D:6      | Gained mutation: Your mind is acute. (Int +4, Str/Dex -1)
                  | [potion of mutation]
  5795 | D:6      | Lost mutation: Your spells are a little harder to cast, but
                  | a little more powerful. [potion of mutation]
  5795 | D:6      | Lost mutation: Your flesh is heat resistant. (rF+) [potion
                  | of mutation]
  5795 | D:6      | Gained mutation: You occasionally lose the ability to drink
                  | potions when taking damage. [potion of mutation]
  5795 | D:6      | Gained mutation: Your flesh is cold resistant. (rC+)
                  | [potion of mutation]
  5796 | D:6      | Lost mutation: Your flesh is cold resistant. (rC+) [potion
                  | of mutation]
  5796 | D:6      | Lost mutation: You do not regenerate when monsters are
                  | visible. [potion of mutation]
  5796 | D:6      | Gained mutation: You occasionally shout uncontrollably at
                  | your foes. [potion of mutation]
  5810 | D:6      | Reached skill level 10 in Axes
  5876 | D:6      | Mangled by an orc warrior

Illustrated notes

Levels and vault maps discovered:
D:1:      minmay_arrival_loop, layout_basic, minivault_26, minmay_tromino_i2
D:2:      layout_loops_ring, basic_altar, serial_shops, shop,
          minmay_split_cup_small
D:3:      layout_loops_ring, amcnicky_altar_gilded, grunt_temple_overflow_open,
          minmay_overflow_temple_star_quad,
          hellmonk_ecumenical_altar_dog_temple, grunt_ministairs_14,
          uniq_sigmund, uniq_jessica
D:4:      layout_gridville
D:5:      layout_basic, minmay_temple_entry_poolview, corexii_leaking_fountain,
          uniq_prince_ribbit1, uniq_blork_the_orc
D:6:      layout_cave_pools, supply_closet_lemuel

Skill      XL: |  1  2  3  4  5  6  7  8  9 |
---------------+----------------------------+-----
Axes           | 3 4 5 6 7 8 9 10 | 10.2
Fighting       | 4 5 6 8 |  8.7
Invocations    | 1 3 6 7 |  7.0
Dodging        | 2 |  2.0
Armour         | |  3.2
Shields        | |  3.2

Action                   |  1- 3 |  4- 6 |  7- 9 || total
-------------------------+-------+-------+-------++-------
Melee: War axe           |   114 |   101 |   191 ||   406
Invok: Bend Time         |       |       |     2 ||     2
  Use: Scroll            |       |     6 |     8 ||    14
       Potion            |       |     4 |     5 ||     9
Armor: Scale mail        |    74 |    35 |    88 ||   197
Dodge: Dodged            |    57 |    39 |    97 ||   193
Block: Buckler           |    28 |    20 |    60 ||   108

Table legend: (Time is in decaauts)
 A = Elapsed time spent in this place.
 B = Non-inter-level travel time spent in this place.
 C = Inter-level travel time spent in this place.
 D = Time resting spent in this place.
 E = Time spent auto-exploring this place.
 F = Levels seen in this place.
 G = Mean time per level.
                   A        B        C        D        E       F      G
               +--------+--------+--------+--------+--------+-----+--------+
         Total |   6397 |   6232 |    165 |    821 |   4432 |   6 | 1066.2 |
       Dungeon |   6397 |   6232 |    165 |    821 |   4432 |   6 | 1066.2 |
               +--------+--------+--------+--------+--------+-----+--------+

Top non-repeatable levels by time:
     D:5: 2038 daAuts
     D:3: 1099 daAuts
     D:4: 1074 daAuts
     D:2: 932 daAuts
     D:1: 918 daAuts
     D:6: 333 daAuts
